 Dungeon Crawl Stone Soup version 0.27-a0-512-g57cc695410 (webtiles) character file.

Game seed: 8017878518652518599

343 kae the Chopper (level 6, -8/57 HPs)
             Began as a Hill Orc Fighter on Mar 3, 2021.
             Splashed by Pikel's acid (12 damage)
             ... on level 3 of the Dungeon.
             The game lasted 00:02:03 (4666 turns).

kae the Chopper (Hill Orc Fighter)                  Turns: 4666, Time: 00:02:04

Health: -8/57      AC:  7    Str: 21    XL:     6   Next: 57%
Magic:  6/6        EV:  7    Int:  8    God:
Gold:   288        SH:  9    Dex: 10    Spells: 5/5 levels left

rFire    . . .     SeeInvis .   a - +0 war axe
rCold    . . .     Faith    .   c - +0 kite shield
rNeg     . . .     Spirit   .   b - +1 scale mail
rPois    .         Reflect  .   (no helmet)
rElec    .         Harm     .   (no cloak)
rCorr    .         Rampage  .   (no gloves)
Will     .....                  (no boots)
Stlth    ..........             (no amulet)
HPRegen  0.19/turn              (no ring)
MPRegen  0.10/turn              (no ring)

@: no status effects
A: no striking features
a: no special abilities


You were on level 3 of the Dungeon.
You visited 1 branch of the dungeon, and saw 4 of its levels.

You collected 288 gold pieces.

Inventory:

Hand Weapons
 a - a +0 war axe (weapon)
Armour
 b - a +1 scale mail (worn)
 c - a +0 kite shield (worn)
Jewellery
 f - a ring of fire
 h - a ring of willpower
Scrolls
 i - a scroll of teleportation
 j - a scroll of enchant armour
Potions
 d - a potion of might
 e - a potion of lignification
 k - a potion of cancellation
 n - a potion of flight {unknown}


   Skills:
 + Level 5.7 Fighting
 * Level 7.5 Axes
 - Level 3.2 Armour
 - Level 3.2 Shields


You had 5 spell levels left.
You didn't know any spells.
Your spell library was empty.

Dungeon Overview and Level Annotations

Branches:
Dungeon (4/15)
 Temple: D:4-7

Altars:
Makhleb
Okawaru
The Shining One

Annotations:
D:3 Pikel


Message History

You hit Pikel but do no damage.
Pikel hits you with a +2 whip of flaming.
Pikel burns you. The lemure barely misses you.
Pikel hits you but does no damage.
You closely miss the lemure.
The lemure is heavily wounded.
You barely miss Pikel. The lemure hits you but does no damage.
Pikel hits you but does no damage.
You hit the lemure.
The lemure is severely wounded.
You hit Pikel. The lemure hits you.
Pikel hits you with a +2 whip of flaming.
Pikel burns you. The lemure barely misses you.
You hit the lemure.
The lemure is severely wounded.
You hit Pikel. Pikel hits you but does no damage. The lemure hits you!
Pikel hits you but does no damage.
You closely miss the lemure.
The lemure is severely wounded.
You hit Pikel but do no damage. The lemure hits you. You block Pikel's attack.
The lemure hits you.
You slash the lemure!
You kill the lemure!
That felt strangely unrewarding.
You slash Pikel! Pikel barely misses you.
You slash Pikel!
Pikel is severely wounded.
Pikel hits you with a +2 whip of flaming!
Pikel burns you. You block Pikel's attack.
You hit Pikel.
Pikel is severely wounded.
Pikel hits you but does no damage.
You closely miss Pikel.
Pikel is severely wounded.
You block Pikel's attack. x2
You slash Pikel!
Pikel is almost dead.
Pikel zaps a wand.
The bolt of acid hits you!!
* * * LOW HITPOINT WARNING * * *
You are splashed with acid!
You die...

##...........[.....#....#####.##.
###..###########.#...#### ###.##.
.....# ####.##.## #...... ##...#
#........# #.##### ##...#
######.##.##..######.# # .....#
#......##.##.........# # ##..##
#.#######.##.........# # ##).#
#.# #.##########†##### ....# #.#
#@# #...... ##.## #.# #K# ######.
#.# #.# #.# #. #.# ##.# #.# #.
#.# #..# #.# #. #.# #.## #.#
##### ##. #.####.#####
#.###.#.###### #.. #..........#
#.........[..# #.. ##.###.###.#
#..##.#.####.###..


You could see Pikel.

Vanquished Creatures
  3 lemures (D:3)
  A scorpion (D:4)
  An orc priest (D:3)
  Terence (D:2)
  2 orc wizards (D:4)
  2 worker ants
  6 adders
  2 worms (D:3)
  A dart slug (D:2)
  A leopard gecko (D:2)
  4 orcs
  6 goblins
  6 hobgoblins
  3 jackals (D:2)
  6 kobolds
  13 bats
  4 frilled lizards (D:2)
  5 rats
67 creatures vanquished.

Vanquished Creatures (others)
  An orc wizard (D:3)
  4 plants
5 creatures vanquished.

Grand Total: 72 creatures vanquished

Notes
Turn   | Place    | Note
-------+----------+-------------------------------------------
     0 | D:1      | kae the Hill Orc Fighter began the quest for the Orb.
     0 | D:1      | Reached XP level 1. HP: 19/19 MP: 1/1
   243 | D:1      | Reached skill level 3 in Axes
  1129 | D:2      | Reached XP level 2. HP: 27/27 MP: 2/2
  1397 | D:2      | Reached skill level 4 in Axes
  1410 | D:2      | Reached XP level 3. HP: 21/33 MP: 3/3
  2012 | D:2      | Reached XP level 4. HP: 40/41 MP: 4/4
  2085 | D:2      | Noticed Terence
  2097 | D:2      | Killed Terence
  2098 | D:2      | Reached skill level 5 in Axes
  2182 | D:2      | Found an iron altar of Okawaru.
  2328 | D:2      | Found a glowing golden altar of the Shining One.
  2453 | D:2      | HP: 2/41 [poisoned by an adder]
  2461 | D:2      | HP: 1/41 [poisoned by an adder]
  2952 | D:3      | Reached XP level 5. HP: 47/47 MP: 5/5
  3435 | D:3      | Reached skill level 5 in Fighting
  3435 | D:3      | Reached skill level 6 in Axes
  3994 | D:4      | Reached skill level 7 in Axes
  3994 | D:4      | Reached XP level 6. HP: 54/56 MP: 6/6
  4206 | D:4      | Found a burning altar of Makhleb.
  4351 | D:4      | Noticed Pikel
  4381 | D:3      | HP: 2/57 [lemure[Pikel] (1)]
  4666 | D:3      | Splashed by Pikel's acid

Illustrated notes

Levels and vault maps discovered:
D:1:      tarquinn_simple_flora_water_d, layout_loops_ring, serial_forest,
          infiniplex_forest_lined_room_3, infiniplex_forest_clump_small,
          infiniplex_forest_pool, infiniplex_forest_straight_4,
          infiniplex_forest_lined_4_way
D:2:      minmay_alternating_diamond, layout_rooms,
          lemuel_coloured_pillars_altar, nicolae_tso_swordbearing_angel,
          uniq_terence
D:3:      layout_loops_ring, serial_forest, infiniplex_forest_clump_medium,
          infiniplex_forest_lined_room_3, infiniplex_forest_clump_C,
          infiniplex_forest_straight_2, infiniplex_forest_clump_long,
          minmay_misc_feat_tiny, st_stairs_13, grunt_ministairs_13
D:4:      layout_layer_cave, lemuel_doored_altar, overflow_temple_1_default,
          minmay_temple_entry_gardened_gates, nemelex_lonely_heart_becter,
          uniq_pikel, uniq_ijyb

Skill      XL: |  1  2  3  4  5 |
---------------+----------------+-----
Axes           | 3 4 5 7 |  7.5
Fighting       | 4 5 |  5.7
Armour         | |  3.2
Shields        | |  3.2

Action                   |  1- 3 |  4- 6 || total
-------------------------+-------+-------++-------
Melee: War axe           |   110 |   142 ||   252
  Use: Scroll            |     2 |     5 ||     7
       Potion            |       |     3 ||     3
Armor: Scale mail        |    70 |    70 ||   140
Dodge: Dodged            |    44 |    51 ||    95
Block: Kite shield       |    73 |    83 ||   156

Table legend: (Time is in decaauts)
 A = Elapsed time spent in this place.
 B = Non-inter-level travel time spent in this place.
 C = Inter-level travel time spent in this place.
 D = Time resting spent in this place.
 E = Time spent auto-exploring this place.
 F = Levels seen in this place.
 G = Mean time per level.
                   A        B        C        D        E       F      G
               +--------+--------+--------+--------+--------+-----+--------+
         Total |   4789 |   4698 |     91 |    775 |   3358 |   4 | 1197.2 |
       Dungeon |   4789 |   4698 |     91 |    775 |   3358 |   4 | 1197.2 |
               +--------+--------+--------+--------+--------+-----+--------+

Top non-repeatable levels by time:
     D:2: 1689 daAuts
     D:3: 1513 daAuts
     D:1: 1138 daAuts
     D:4: 448 daAuts
